Map: Acid Plant LE

Players

Namshar - Winner!

  • Race: Zerg Zerg
  • League: Grandmaster
  • Spawn Location: 5:00

YoGo

  • Race: Zerg Zerg
  • League: Grandmaster
  • Spawn Location: 11:00

Event: HomeStory Cup XVII

VOD

Have the link to the VOD?

Description

Time

  • Played on: June 28, 2018, 3:02 p.m.
  • Length: 10:58

All games in this series

Show
View Real Time Build Order
Export as new Build Order

Namshar Zerg - Winner!

Build Orders: Hatch First 

Get SALT Encoding   

  12  0:00  Drone  
  13  0:12  Overlord  
  13  0:17  Drone  
  14  0:30  Drone x2  
  14  0:34  Drone  
  17  0:51  Hatchery  
  17  0:54  Drone  
  17  0:57  Drone  
  18  1:08  Extractor  
  17  1:12  Spawning Pool  
  17  1:15  Drone  
  17  1:18  Drone  
  18  1:28  Drone  
  19  1:38  Drone  
  20  1:50  Overlord  
  20  1:59  Queen  
  22  2:03  Queen  
  22  2:04  Zergling x2  
  22  2:05  Drone  
  22  2:07  Metabolic Boost  
  26  2:10  Drone  
  26  2:13  Drone  
  28  2:23  Drone  
  28  2:27  Drone  
  30  2:38  Hatchery, Drone x2  
  30  2:43  Drone  
  32  2:45  Baneling Nest  
  31  2:53  Overlord  
  31  2:54  Drone  
  32  3:02  Drone  
  32  3:03  Queen  
  35  3:09  Overlord, Zergling x2  
  35  3:12  Zergling x2  
  37  3:15  Drone x2  
  37  3:17  Zergling x2  
  37  3:19  Zergling x2  
  41  3:22  Zergling x2  
  41  3:24  Zergling x2  
  41  3:25  Zergling x2  
  44  3:29  Baneling x2  
  44  3:31  Baneling x2, Zergling x2  
  45  3:45  Zergling x2  
  45  3:46  Zergling x8  
  50  3:55  Overlord  
  49  3:58  Baneling, Drone x2  
  51  4:04  Zergling x6  
  51  4:05  Baneling  
  54  4:11  Drone x2  
  54  4:16  Drone x2  
  58  4:25  Drone  
  58  4:26  Drone x3  
  58  4:27  Extractor  
  58  4:28  Roach Warren  
  58  4:29  Evolution Chamber  
  59  4:36  Drone  
  59  4:37  Drone  
  60  4:39  Overlord x2  
  60  4:40  Overlord  
  60  4:44  Drone  
  61  4:51  Overlord x3  
  60  4:54  Extractor  
  60  4:58  Zerg Missile Weapons Level 1  
  60  4:59  Drone  
  60  5:00  Drone x2  
  62  5:12  Roach x5  
  72  5:17  Roach  
  72  5:18  Roach  
  75  5:25  Drone x5  
  79  5:36  Drone x8  
  79  5:42  Lair  
  87  5:46  Overlord  
  87  5:47  Roach  
  87  5:49  Roach  
  91  5:58  Roach x4  
  98  6:13  Overlord, Drone x3  
  98  6:14  Overlord x2  
  98  6:15  Roach x4  
  109  6:22  Drone  
  109  6:23  Extractor  
  109  6:24  Drone x3  
  112  6:26  Drone  
  112  6:28  Extractor  
  112  6:33  Baneling x3  
  112  6:37  Overlord  
  112  6:38  Drone  
  112  6:39  Extractor  
  112  6:40  Glial Reconstitution  
  112  6:41  Drone x3  
  115  6:49  Roach x4  
  122  7:01  Hatchery  
  122  7:03  Zerg Missile Weapons Level 2  
  121  7:10  Overlord  
  121  7:11  Overlord  
  121  7:12  Overseer  
  121  7:14  Queen  
  123  7:16  Drone  
  123  7:22  Overlord x2  
  124  7:24  Queen x2  
  124  7:28  Roach x6  
  124  7:29  Hatchery  
  139  7:33  Roach x2  
  143  7:38  Overlord  
  138  7:47  Drone  
  138  7:48  Hydralisk Den  
  138  7:55  Ravager x2  
  138  7:56  Ravager x3  
  138  7:58  Drone  
  144  7:59  Roach  
  144  8:00  Roach x5  
  153  8:06  Drone  
  153  8:07  Hatchery  
  153  8:10  Roach x7  
  167  8:18  Queen  
  167  8:24  Overlord x2  
  165  8:27  Roach  
  165  8:28  Roach x3  
  165  8:33  Ravager x3  
  176  8:35  Overlord x2  
  176  8:47  Roach x5  
  176  8:48  Roach x2  
  190  8:58  Roach x5  
  190  9:28  Roach x3  
  190  9:29  Roach x2  
  200  9:34  Grooved Spines  
  200  9:36  Lurker Den  
  195  9:50  Drone  
  195  9:51  Infestation Pit  
  195  9:53  Extractor x2  
  195  9:56  Drone x2  
  195  9:57  Drone x4  
Show
View Real Time Build Order
Export as new Build Order

YoGo Zerg 

Build Orders: Hatch First 

Get SALT Encoding   

  12  0:00  Drone  
  13  0:13  Overlord  
  13  0:19  Drone  
  14  0:34  Drone x2  
  16  0:49  Hatchery  
  15  0:53  Drone  
  16  1:01  Extractor  
  16  1:03  Drone  
  16  1:12  Spawning Pool  
  16  1:15  Drone  
  16  1:20  Drone  
  17  1:26  Drone  
  17  1:32  Drone  
  19  1:42  Drone  
  20  1:53  Hatchery  
  19  2:01  Metabolic Boost  
  19  2:09  Queen  
  19  2:13  Drone  
  19  2:15  Drone  
  23  2:23  Drone  
  23  2:26  Queen  
  26  2:30  Zergling x2  
  26  2:35  Overlord  
  27  2:42  Overlord  
  27  2:43  Zergling x2  
  28  2:54  Zergling x6  
  28  2:55  Zergling x4  
  33  3:04  Zergling x2  
  34  3:09  Zergling x4  
  36  3:14  Zergling x2  
  36  3:17  Zergling x8  
  36  3:19  Zergling x2  
  42  3:27  Zergling x4  
  42  3:32  Zergling x2  
  45  3:36  Zergling x2  
  45  3:40  Zergling x6  
  49  3:42  Zergling x4  
  48  3:55  Drone x3  
  44  3:56  Roach Warren  
  43  4:04  Drone x3  
  45  4:12  Drone x2  
  45  4:13  Drone  
  45  4:17  Drone x2  
  50  4:22  Drone  
  49  4:24  Drone  
  50  4:35  Drone  
  49  4:42  Extractor  
  48  4:48  Overlord x3, Drone x2  
  50  4:55  Evolution Chamber  
  49  5:08  Drone x3  
  49  5:09  Roach x3  
  49  5:10  Roach x2  
  49  5:13  Roach  
  64  5:15  Roach  
  64  5:20  Roach  
  67  5:23  Roach x2  
  67  5:28  Roach  
  70  5:33  Roach  
  72  5:37  Drone  
  73  5:43  Lair  
  73  5:47  Extractor  
  73  5:48  Drone  
  73  5:53  Overlord  
  73  6:00  Queen  
  73  6:06  Zerg Missile Weapons Level 1  
  72  6:12  Drone x3  
  72  6:13  Drone x2  
  72  6:14  Drone x4  
  81  6:23  Overlord x2  
  81  6:29  Extractor  
  80  6:32  Overlord  
  80  6:33  Overlord  
  80  6:42  Roach x5  
  80  6:45  Roach  
  92  6:48  Roach  
  92  6:51  Roach  
  94  6:55  Roach x2  
  98  7:02  Roach x3  
  98  7:07  Glial Reconstitution  
  104  7:13  Roach x2  
  108  7:17  Overlord  
  108  7:28  Overlord x2  
  108  7:42  Roach x7  
  122  7:48  Overlord x2  
  122  7:52  Overlord  
  122  8:01  Zerg Missile Weapons Level 2  
  122  8:03  Roach x2  
  122  8:04  Ravager  
  122  8:05  Ravager x2  
  128  8:10  Roach x2  
  132  8:17  Roach x2  
  132  8:18  Roach  
  135  8:22  Ravager  
  135  8:33  Roach  
  137  8:38  Roach x2  
  141  8:41  Hatchery  
  141  8:42  Roach  
  141  8:49  Ravager  
  141  8:50  Ravager  
  143  8:57  Overlord x2  
  143  8:58  Overlord x2  
  136  9:20  Roach x8  
  150  9:25  Roach  
  150  9:30  Roach x2  
  156  9:37  Ravager x2  
  156  9:42  Roach x3  
  162  9:52  Overlord x2  
  162  9:57  Ravager  
  165  10:06  Roach  
  165  10:07  Roach  
  167  10:19  Roach x3  
  151  10:24  Ravager x2  
  151  10:26  Ravager  
  124  10:37  Roach  
  124  10:38  Roach x7  
Tags
 
Add a new tag
Caveats
  • Supply blocks, unpowered buildings, or Contaminate may cause inaccurate times.
  • Supply counts are checked every 10 seconds.